 Dungeon Crawl Stone Soup version 0.30-a0-118-ga018f8e90f (webtiles) character file.

Game seed: 13413128509566140289

1 spaghetti the Trooper (level 1, -1/24 HPs)
             Began as an Ogre Delver on Sept 14, 2022.
             Slain by an ufetubus (2 damage)
             ... on level 4 of the Dungeon.
             The game lasted 00:00:53 (105 turns).

spaghetti the Trooper (Ogre Delver)                  Turns: 105, Time: 00:00:53

Health: -1/24      AC:  3    Str: 15    XL:     1   Next: 20%
Magic:  1/1        EV:  9    Int: 11    God:
Gold:   15         SH:  0    Dex: 10    Spells: 0/0 levels left

rFire   . . .      SeeInvis .      - Unarmed
rCold   . . .      Faith    .    (no shield)
rNeg    . . .      Spirit   .    a - +0 robe
rPois   .          Reflect  .    (helmet restricted)
rElec   .          Harm     .    (no cloak)
rCorr   .          Rampage  .    (gloves unavailable)
Will    .....                    (boots unavailable)
Stlth   ++........               (no amulet)
HPRegen 0.08/turn                (no ring)
MPRegen 0.07/turn                (no ring)

@: no status effects
A: large, unfitting armour, tough skin 1
a: no special abilities


You were on level 4 of the Dungeon.
You visited 1 branch of the dungeon, and saw 2 of its levels.

You collected 15 gold pieces.


Innate Abilities, Weirdness & Mutations

You are too large for most types of armour.
You have tough skin. (AC +1)


   Skills:
 + Level 4.0 Fighting
 - Level 1.7 Dodging
 - Level 3.7 Stealth
 + Level 1.8 Unarmed Combat


You couldn't memorise any spells.
You didn't know any spells.
Your spell library was empty.

Inventory:

Armour
 a - a +0 robe (worn)
Wands
 f - a wand of digging (3)
Scrolls
 b - a scroll of fog
 c - a scroll of magic mapping {!r}
Potions
 e - a potion of haste {@q3}

Dungeon Overview and Level Annotations

Branches:
Dungeon (5/15) Zot: 11895
 Temple: D:4-7

Altars:

#################
#.@5..#>.........
#.###.###....##.#
#.# #.#.........#
#.# #......#.####
#.# ###.#..#g.#
#.# #.#.......
#.# #.#.####..#
#.# #...##### .
##.########....#


You could see an ufetubus.


Message History

The jackal bites you but does no damage.
The jackal closely misses you.
You climb upwards.
There is a stone staircase leading down here. 😨 HP[-3]
You take 3 damage, and now have 12/24 hp.
Unknown command.
Unknown command.
Unknown command.
You don't know any spells.
Okay, then.
Okay, then.
As you read the scroll of fear, it crumbles to dust.
You assume a fearsome visage.
The jackal looks frightened! x2
An ufetubus comes into view.
The ufetubus shouts!
You hear an angry hiss.
A goblin comes into view. It is wielding a +0 dagger. 😮 HP[+1]
You start resting.
A jackal is nearby! 😮 HP[+3]
You regained 3 hp, and now have 16/24 hp.
A jackal is nearby!
The jackal barks!
You hit the jackal. The jackal barely misses you. x2
You barely miss the jackal. The jackal bites you. 😮 HP[-1]
You take 1 damage, and now have 15/24 hp.
You closely miss the jackal. The jackal bites you. 😮 HP[-1]
You take 1 damage, and now have 14/24 hp.
You closely miss the jackal.
The jackal bites you but does no damage.
You hit the jackal but do no damage. The jackal barely misses you.
The jackal closely misses you.
You hit the jackal. The jackal bites you.
* * * LOW HITPOINT WARNING * * *
😨 HP[-2]
You take 2 damage, and now have 12/24 hp.
You barely miss the jackal. The jackal closely misses you.
You closely miss the jackal. The jackal barely misses you.
The jackal completely misses you.
You hit the jackal but do no damage. The jackal barely misses you.
You hit the jackal but do no damage. The jackal misses you. 😮 HP[+1]
You barely miss the jackal.
The jackal bites you but does no damage.
The jackal barely misses you.
You closely miss the jackal. The jackal bites you.
* * * LOW HITPOINT WARNING * * *
😨 HP[-1]
You take 1 damage, and now have 12/24 hp.
You closely miss the jackal.
The jackal bites you but does no damage.
The jackal closely misses you.
You hit the jackal.
You kill the jackal!
An ufetubus is nearby!
An ufetubus is nearby!
An ufetubus is nearby!
An ufetubus is nearby!
An ufetubus is nearby!
You don't know any spells.
Okay, then.
Okay, then.
The ufetubus shouts!
The ufetubus hits you but does no damage.
The ufetubus barely misses you.
You hit the ufetubus but do no damage. The ufetubus barely misses you.
The ufetubus hits you but does no damage.
You hit the ufetubus. The ufetubus closely misses you. The ufetubus misses you.
The ufetubus hits you.
* * * LOW HITPOINT WARNING * * *
The ufetubus barely misses you. 😨 HP[-4]
You take 4 damage, and now have 8/24 hp.
You hit the ufetubus but do no damage. The ufetubus closely misses you.
The ufetubus hits you.
* * * LOW HITPOINT WARNING * * *
😨 HP[-1]
You take 1 damage, and now have 7/24 hp.
You hit the ufetubus. The ufetubus completely misses you.
The ufetubus barely misses you.
You miss the ufetubus. The ufetubus hits you.
* * * LOW HITPOINT WARNING * * *
The ufetubus barely misses you. The ufetubus closely misses you.
The ufetubus barely misses you. 😱 HP[-4]
You take 4 damage, and now have 3/24 hp.
Unknown command.
Unknown command.
You hit the ufetubus but do no damage. The ufetubus barely misses you.
The ufetubus hits you.
* * * LOW HITPOINT WARNING * * *
😱 HP[-1]
You take 1 damage, and now have 2/24 hp.
You barely miss the ufetubus. The ufetubus hits you.
* * * LOW HITPOINT WARNING * * *
The ufetubus barely misses you. The ufetubus hits you.
You die...

Action                   || total
-------------------------++-------
Melee: Unarmed           ||    21
  Use: Scroll            ||     1
Armor: Robe              ||     6
Dodge: Dodged            ||    27

Levels and vault maps discovered:
D:4:      layout_basic, uniq_blork_the_orc
D:5:      layout_rooms, minmay_temple_entry_fiery, serial_undead,
          serial_undead_e, serial_undead_c, serial_undead_e, serial_undead_a,
          minmay_small_thing

Notes
Turn   | Place    | Note
-------+----------+-------------------------------------------
     0 | D:5      | spaghetti the Ogre Delver began the quest for the Orb.
     0 | D:5      | Reached XP level 1. HP: 24/24 MP: 1/1
     0 | D:5      | magus.rc [v1.9.6]
    13 | D:5      | Noticed a phantom
    21 | D:5      | Noticed a phantom
    24 | D:5      | Noticed an orc priest
   103 | D:4      | HP: 3/24 [ufetubus (4)]
   105 | D:4      | HP: 1/24 [ufetubus (1)]
   105 | D:4      | Slain by an ufetubus

Vanquished Creatures
  A jackal (D:4)
1 creature vanquished.

Table legend:
 A = Non-vault XP
 B = Vault XP
 C = Vault XP percentage of total XP
 D = Non-vault monster count
 E = Vault monster count
 F = Vault count percentage of total count
                 A         B        C        D         E       F
            +---------+---------+-------+---------+---------+-------
      Total |       2 |       0 |   0.0 |       1 |       0 |   0.0
            +---------+---------+-------+---------+---------+-------
        D:4 |       2 |       0 |   0.0 |       1 |       0 |   0.0
            +---------+---------+-------+---------+---------+-------

Illustrated notes

Table legend:
 A = Kills in this place as a percentage of kills in entire the game.
 B = Kills by you in this place as a percentage of kills by you in the entire game.
 C = Kills by friends in this place as a percentage of kills by friends in the entire game.
 D = Other kills in this place as a percentage of other kills in the entire game.
 E = Experience gained in this place as a percentage of experience gained in the entire game.
 F = Experience gained in this place divided by the number of levels of this place that you have seen.
                   A       B       C       D       E      F
               +-------+-------+-------+-------+-------+----------------------
         Total | 100.0 | 100.0 |   N/A |   N/A | 100.0 |   1.0
       Dungeon | 100.0 | 100.0 |   N/A |   N/A | 100.0 |   1.0
               +-------+-------+-------+-------+-------+----------------------

Table legend: (Time is in decaauts)
 A = Elapsed time spent in this place.
 B = Non-inter-level travel time spent in this place.
 C = Inter-level travel time spent in this place.
 D = Time resting spent in this place.
 E = Time spent auto-exploring this place.
 F = Levels seen in this place.
 G = Mean time per level.
                   A        B        C        D        E       F      G
               +--------+--------+--------+--------+--------+-----+--------+
         Total |    103 |    103 |      0 |     28 |     13 |   2 |   51.5 |
       Dungeon |    103 |    103 |      0 |     28 |     13 |   2 |   51.5 |
               +--------+--------+--------+--------+--------+-----+--------+

Top non-repeatable levels by time:
     D:4: 77 daAuts
     D:5: 26 daAuts
